 Dungeon Crawl Stone Soup version 0.30.1-4-g462c640d31 (webtiles) character file.

Game seed: 12784325486500746231

88 wingedge the Digger (level 4, -1/33 HPs)
             Began as a Demigod Earth Elementalist on Aug 18, 2023.
             Slain by an iguana (14 damage)
             ... on level 3 of the Dungeon.
             The game lasted 00:04:47 (2150 turns).

wingedge the Digger (Demigod Earth Elementalist)    Turns: 2150, Time: 00:04:47

Health: -1/33      AC:  2    Str:  9    XL:     4   Next: 8%
Magic:  1/10       EV: 12    Int: 21    God:
Gold:   116        SH:  0    Dex: 14    Spells: 4/8 levels left

rFire   + . .        d - +0 trident
rCold   . . .        (no shield)
rNeg    . . .        a - +0 robe
rPois   .            (no helmet)
rElec   .            (no cloak)
rCorr   .            (no gloves)
SInv    .            (no boots)
Will    .....        (no amulet)
Stlth   ++           c - ring of protection from fire
HPRegen 0.25/turn    (no ring)
MPRegen 0.12/turn

%: no passive effects
@: very slightly contaminated
A: high MP 1, forlorn, divine attributes
a: no special abilities


You were on level 3 of the Dungeon.
You visited 1 branch of the dungeon, and saw 3 of its levels.

You collected 157 gold pieces.
You spent 41 gold pieces at shops.

Inventory:

Hand Weapons
 d - a +0 trident (weapon)
Armour
 a - a +0 robe (worn)
Jewellery
 c - a ring of protection from fire (left hand)
Scrolls
 e - a scroll of magic mapping {unknown}
 h - 2 scrolls of identify {unknown}
 j - 3 scrolls of teleportation {unknown}
 k - a scroll of immolation {unknown}
Potions
 b - a potion of magic
 f - a potion of heal wounds {unknown}
 g - a potion of curing {unknown}
 i - 2 potions of flight {unknown}


   Skills:
 - Level 2.0 Dodging
 - Level 2.0 Stealth
 + Level 2.5 Spellcasting
 + Level 1.7 Conjurations
 - Level 0.8 Transmutations
 + Level 3.4 Earth Magic


You had 4 spell levels left.
You knew the following spells:

 Your Spells              Type           Power      Damage    Failure   Level
a - Sandblast             Erth           34%        2d9       3%          1
b - Stone Arrow           Conj/Erth      26%        3d8       14%         3

Your spell library contained the following spells:

 Spells                   Type           Power      Damage    Failure   Level
 Passwall                 Tmut/Erth      9%         N/A       9%          2
 Dazzling Flash           Conj/Hex       12%        N/A       28%         3
 Portal Projectile        Hex/Tloc       4%         N/A       38%         3
 Tukima's Dance           Hex            2%         N/A       38%         3
 Volatile Blastmotes      Fire/Tloc      4%         2d10      38%         3
 Petrify                  Tmut/Erth      11%        N/A       50%         4
 Iskenderun's Mystic Bla  Conj/Tloc      6%         2d4       67%         4
 Blade Hands              Tmut           3%         N/A       95%         5
 Starburst                Conj/Fire      3%         6d3       100%        6


Dungeon Overview and Level Annotations

Branches:
Dungeon (3/15)

Shops:
D:1 *

Annotations:
D:2 Terence
D:3 2 transporters, safid's ghost, amateur MfIE


Innate Abilities, Weirdness & Mutations

You have an increased reservoir of magic. (+10% MP)
You shall have no god before yourself.
Your divine heritage dramatically boosts your attributes as you level up.


Message History

HP restored.
Things that are here:
a +0 short sword; a +0 chain mail; an orc corpse
There is a stone staircase leading down here.
Found a hand axe.
An iguana comes into view.
Found a stone staircase leading down.
The blast of sand hits the iguana.
The iguana is moderately wounded.
The iguana bites you!
The blast of sand hits the iguana but does no damage.
The iguana is moderately wounded.
The iguana closely misses you.
The blast of sand hits the iguana but does no damage.
The iguana is moderately wounded.
The iguana completely misses you. The iguana bites you.
Casting: Sandblast (safe; 3% risk of failure)
Confirm with . or Enter, or press ? or * to list all spells.
The spell is quite dangerous to miscast (14% risk of failure)!
Continue anyway?
Okay, then.
Unknown command.
Casting: Stone Arrow (quite dangerous; 14% risk of failure)
Confirm with . or Enter, or press ? or * to list all spells.
The spell is quite dangerous to miscast (14% risk of failure)!
Continue anyway?
Aiming: Stone Arrow (quite dangerous; 14% risk of failure)
Press: ? - help, Shift-Dir - straight line, f/p - iguana
Aim: an iguana (moderately wounded, 72% to hit)
You miscast Stone Arrow.
You are very lightly contaminated with residual magic.
Nothing appears to happen.
The iguana bites you!
Casting: Stone Arrow (quite dangerous; 14% risk of failure)
Confirm with . or Enter, or press ? or * to list all spells.
The spell is quite dangerous to miscast (14% risk of failure)!
Continue anyway?
Aiming: Stone Arrow (quite dangerous; 14% risk of failure)
Press: ? - help, Shift-Dir - straight line, f/p - iguana
Aim: an iguana (moderately wounded, 72% to hit)
The stone arrow hits the iguana.
The iguana is heavily wounded.
The iguana bites you!
You die...

###.#### #.##.##.# #.#
#......>#.##.##.# #.#
#.......#.......# #.#
#.).....#.......# #.#
.......####.#### #.# .....
#.....# ##.# ... #.....#
#..# #l# #.....# ####.####
#@# #.....# #
#.......######.#####.....# #
#.##.##............#####.# #
#.##........##.###.#####.#
###.#####........#.........#
......###.)##......#.#######
###....†...#####.###.# #
###.####.####......# ##### #
#.# #........#### #...###


You could see an iguana.

Vanquished Creatures
  2 adders
  A worm (D:3)
  3 dart slugs
  4 orcs (D:3)
  6 bats
  5 endoplasms
  3 giant cockroaches
  5 goblins
  7 hobgoblins
  4 jackals (D:2)
  4 kobolds
  3 ball pythons
  A frilled lizard (D:1)
  2 rats
50 creatures vanquished.

Notes
Turn   | Place    | Note
-------+----------+-------------------------------------------
     0 | D:1      | wingedge the Demigod Earth Elementalist began the quest for
                  | the Orb.
     0 | D:1      | Reached XP level 1. HP: 14/14 MP: 5/5
   357 | D:1      | Reached XP level 2. HP: 20/20 MP: 4/7
   528 | D:1      | Reached skill level 3 in Earth Magic
   684 | D:1      | Found Todujin's Assorted Antiques.
   689 | D:1      | Bought 2 metallic amethyst potions for 41 gold pieces
   794 | D:1      | Reached skill level 1 in Conjurations
   913 | D:2      | Reached XP level 3. HP: 24/26 MP: 1/8
  1055 | D:1      | Learned a level 3 spell: Stone Arrow
  1253 | D:2      | Noticed Terence
  1388 | D:3      | Noticed safid's ghost (amateur MfIE)
  1500 | D:3      | Found a transporter.
  1714 | D:3      | Found a transporter.
  1820 | D:3      | Reached XP level 4. HP: 33/33 MP: 7/10
  2150 | D:3      | Slain by an iguana

Illustrated notes

Levels and vault maps discovered:
D:1:      psy_arrival_whirlpool, layout_loops_ring, serial_shops,
          nicolae_shop_hallway_plus
D:2:      layout_loops_ring, ebering_dispersal_statue_hall, uniq_terence
D:3:      layout_loops_cross, gammafunk_ghost_stat_death

Skill      XL: |  1  2 |
---------------+-------+-----
Stealth        | 2 |  2.0
Dodging        | 2 |  2.0
Spellcasting   | 2 |  2.5
Earth Magic    | 3 |  3.4
Conjurations   | 1 |  1.7
Transmutations | |  0.8

Action                     |  1- 3 |  4- 6 || total
---------------------------+-------+-------++-------
   Cast: Sandblast         |    75 |     9 ||    84
         Stone Arrow       |       |     2 ||     2
 Armour: Robe              |     3 |     1 ||     4
  Dodge: Dodged            |    11 |     2 ||    13
